 Dungeon Crawl Stone Soup version 0.14-a0-1361-g0512ea0 (webtiles) character file.

1268 PolkaDot the Tainter (level 8, -2/49 (52) HPs)
             Began as a Vampire Venom Mage on Dec 7, 2013.
             Slain by a slave (7 damage)
             ... led by Pikel
             ... on Level 5 of the Dungeon.
             The game lasted 00:38:38 (10831 turns).

PolkaDot the Tainter (Vampire Venom Mage)          Turns: 10831, Time: 00:38:38

HP  -2/49 (52)   AC  6     Str  5      XL: 8   Next:  9%
MP  13/16        EV 12     Int 22      God:
Gold 174         SH  0     Dex 14      Spells:  4 memorised,  3 levels left

rFire  . . .     SeeInvis +     s - +0,+2 dagger (venom)
rCold  + + .     Clarity  .     a - +1 robe
rNeg   + + +     Conserve .     (no shield)
rPois  +         rCorr    .     (no helmet)
rElec  .         rRot     +     (no cloak)
SustAb . .       Spirit   .     (no gloves)
rMut   .         Warding  .     q - +2 pair of boots
Saprov . . .     Stasis   .     (no amulet)
                                p - +3 ring of intelligence
                                (no ring)

@: non-regenerating, somewhat resistant to hostile enchantments, stealthy
A: bottle blood, fangs 3, see invisible, weak 1, (wild magic 0), unbreathing
a: Bat Form, Bottle Blood


You were on level 5 of the Dungeon.
You were bloodless.

You visited 1 branch of the dungeon, and saw 5 of its levels.
You also visited: Sewer.

You collected 174 gold pieces.

Inventory:

Hand weapons
 s - a +0,+2 dagger of venom (weapon)
Armour
 a - a +1 robe (worn)
 q - a +2 pair of boots (worn)
Magical devices
 t - a wand of enslavement (5)
Scrolls
 c - 5 scrolls of identify
 d - 2 scrolls of teleportation
 h - a scroll of enchant weapon I {unknown}
 j - a scroll of remove curse
Jewellery
 k - an uncursed ring of sustenance
 p - a +3 ring of intelligence (right hand)
 r - an uncursed ring of teleportation
Potions
 e - a potion of resistance {unknown}
 f - 2 potions of heal wounds {unknown}
 g - a potion of agility {unknown}
 i - 5 potions of curing
 l - 2 potions of restore abilities
 m - a potion of flight {unknown}
 o - a potion of speed
 u - 2 potions of brilliance {unknown}
Books
 b - a Young Poisoner's Handbook

   Spells                             Type                      Level
   *Sting                             Conjuration/Poison           1
   *Cure Poison                       Poison                       2
   *Mephitic Cloud                    Conjuration/Poison/Air       3
   *Olgreb's Toxic Radiance           Poison                       4
   Venom Bolt                         Conjuration/Poison           5


   Skills:
 + Level 1.6 Short Blades
 - Level 2.1 Dodging
 - Level 3.0 Stealth
 - Level 3.2 Spellcasting
 * Level 4.0 Air Magic
 * Level 8.0 Poison Magic


You had 3 spell levels left.
You knew the following spells:

 Your Spells              Type           Power        Failure   Level  Hunger
a - Sting                 Conj/Pois      ###.         2%          1    None
s - Cure Poison           Pois           #####.....   1%          2    ##.....
x - Mephitic Cloud        Conj/Pois/Air  ###.....     10%         3    ###....
z - Olgreb's Toxic Radia  Pois           #####...     6%          4    ####...


Dungeon Overview and Level Annotations

Branches:
Dungeon (5/16)
 Temple: D:4-7

Altars:
Makhleb
Yredelemnul
Zin


Innate Abilities, Weirdness & Mutations

You do not heal naturally.
You can bottle blood from corpses.
You have razor-sharp teeth.*
You have supernaturally acute eyesight.
You can survive without breathing.*
You are weak. (Str -2)
((Your spells are a little harder to cast, but a little more powerful.))+


Message History

You hit the hound skeleton. The hound skeleton barely misses you.
You hit the hound skeleton.
You destroy the hound skeleton!
Casting: Olgreb's Toxic Radiance
Confirm with . or Enter, or press ? or * to list all spells.
Aiming: Mephitic Cloud
Press: ? - help, Shift-Dir - straight line, f - slave
Aim: a slave wearing an animal skin (severely wounded)
The beam explodes into a vile cloud!
The stinking cloud engulfs the slave.
The slave is severely wounded.
The stinking cloud engulfs you!
* * * LOW HITPOINT WARNING * * *
You hear a shout!
The slave is engulfed in noxious fumes.
The slave appears confused.
You hit the slave.
The slave is poisoned.
The slave is severely wounded.
You hit the slave.
The slave looks even sicker.
The slave is almost dead.
The slave hits you!
You die...

#.. #.. # ### #.# # ......
..# # ......# #.# ♣♣ #
#......# #.# ♣♣♣## #......#
#.# ♣♣♣f.. #......# #§#
♣♣.... #......# #@# ♣.....
#......# #@# ♣.♣.f..
#......####.# ♣♣♣♣##
#...........# ♣ #
#...........################
#...####'#..................
#...#....#.........>....>...
#...#....#.####.........%...
#...#....#.#..#.............


You could see a slave (confused).

Vanquished Creatures
  3 ogres
  Sigmund (D:3)
  Duvessa (D:4)
  A big kobold (Sewer)
  2 crimson imps (D:5)
  Dowan (D:4)
  A goliath beetle (D:3)
  A hound (D:5)
  An orc priest (D:3)
  A scorpion (D:4)
  2 worker ants
  Ijyb (D:4)
  A hound zombie (D:5)
  A hound skeleton (D:5)
  Terence (D:2)
  4 green rats
  4 adders
  3 worms
  An adder skeleton (D:4)
  19 grey rats
  2 giant eyeballs (D:5)
  2 giant geckos (D:5)
  2 oozes
  12 orcs
  5 giant cockroaches
  9 hobgoblins
  23 kobolds
  4 quokkas
  7 ball pythons
  17 bats
  5 giant newts
  14 goblins
  12 jackals
  An orc skeleton (D:4)
  16 rats
181 creatures vanquished.

Notes
Turn   | Place    | Note
--------------------------------------------------------------
     0 | D:1      | PolkaDot, the Vampire Venom Mage, began the quest for the Orb.
     0 | D:1      | Reached XP level 1. HP: 13/13 MP: 3/3
   496 | D:1      | Reached skill level 4 in Poison Magic
   514 | D:1      | Reached XP level 2. HP: 19/19 MP: 2/4
  1842 | D:2      | Reached XP level 3. HP: 24/24 MP: 0/6
  2234 | D:2      | Found a burning altar of Makhleb.
  2234 | D:2      | Noticed a cacodemon
  2237 | D:2      | Noticed a hellwing
  2237 | D:2      | Noticed a hellwing
  2320 | D:2      | Noticed Terence
  2361 | D:2      | Killed Terence
  2450 | D:2      | Found a glowing silver altar of Zin.
  2450 | D:2      | Found a basalt altar of Yredelemnul.
  2579 | D:2      | Reached skill level 5 in Poison Magic
  2954 | D:3      | Reached XP level 4. HP: 21/30 MP: 7/7
  3004 | D:3      | Learned a level 4 spell: Olgreb's Toxic Radiance
  3007 | D:3      | Learned a level 2 spell: Cure Poison
  3178 | D:3      | Noticed Sigmund
  3455 | D:3      | Killed Sigmund
  3455 | D:3      | Reached skill level 6 in Poison Magic
  3455 | D:3      | Reached XP level 5. HP: 12/35 MP: 3/9
  4357 | D:3      | Reached XP level 6. HP: 41/41 MP: 11/11
  4827 | D:4      | Learned a level 3 spell: Mephitic Cloud
  5148 | D:4      | Gained mutation: You are weak. (Str -2) [potion of mutation]
  5148 | D:4      | Gained mutation: Your spells are a little harder to cast, but a little more powerful. [potion of mutation]
  5846 | D:4      | Noticed Duvessa
  5846 | D:4      | Noticed Dowan
  5847 | D:4      | Reached skill level 1 in Air Magic
  5854 | D:4      | Killed Duvessa
  5854 | D:4      | Reached skill level 7 in Poison Magic
  5885 | D:4      | Reached XP level 7. HP: 16/43 MP: 3/14
  6195 | D:4      | Noticed Ijyb
  6212 | D:4      | Killed Ijyb
  6226 | D:4      | Killed Dowan
  6721 | D:5      | Entered Level 5 of the Dungeon
  6990 | D:5      | Paralysed by a giant eyeball for 4 turns
  7155 | D:5      | Paralysed by a giant eyeball for 4 turns
  7415 | D:5      | Found a glowing drain.
  7437 | Sewer    | Entered a sewer
  9999 | Sewer    | Reached skill level 1 in Short Blades
 10649 | D:5      | Reached skill level 8 in Poison Magic
 10649 | D:5      | Reached XP level 8. HP: 35/49 MP: 6/16
 10831 | D:5      | Slain by a slave

Action                   |  1- 3 |  4- 6 |  7- 9 || total
-------------------------+-------+-------+-------++-------
Melee: Unarmed           |    51 |       |       ||    51
       Dagger            |     1 |    75 |   216 ||   292
       Mace              |    26 |    98 |       ||   124
 Cast: Sting             |    80 |    18 |    15 ||   113
       Cure Poison       |       |    10 |     3 ||    13
       Olgreb's Toxic Ra |       |     8 |    28 ||    36
       Mephitic Cloud    |       |     3 |     7 ||    10
Evoke: Wand              |       |       |     1 ||     1
  Use: Potion            |     3 |     4 |     4 ||    11
       Scroll            |       |       |     9 ||     9
 Stab: Sleeping          |     4 |     3 |     2 ||     9
       Confused          |       |     1 |       ||     1
